 Dungeon Sprint DCSS version 0.28.0-1-gb440e238dd (webtiles) character file.

Game seed: 7746804365758702799

13012 boopmooplesden the Warrior (level 11, -3/117 HPs)
             Began as a Minotaur Fighter on Feb 21, 2022.
             Was a High Priest of Okawaru.
             Slain by a death cob (8 damage)
             ... in the Dungeon (Sprint VII: "The Pits").
             The game lasted 00:06:45 (1813 turns).

boopmooplesden the Warrior (Minotaur Fighter)       Turns: 1813, Time: 00:06:46

Health: -3/117     AC: 30    Str: 28    XL:     11   Next: 70%
Magic:  11/13      EV: 15    Int: 11    God:    Okawaru [*****.]
Gold:   0          SH:  9    Dex: 12    Spells: 10/10 levels left

rFire   + . .      SeeInvis +   o - +1 long sword (flame)
rCold   x . .      Faith    .   c - +0 buckler
rNeg    . . .      Spirit   .   v - +3 plate armour
rPois   .          Reflect  .   (helmet restricted)
rElec   .          Harm     .   q - +0 cloak of Sorcery {Rampage rC- Int+6 SInv}
rCorr   .          Rampage  +   w - +0 pair of gloves
Will    .....      NoTele   +   x - +1 pair of boots of Okawaru's Hope {rF+ Str+4 Dex-2}
Stlth   ..........              (no amulet)
HPRegen 0.29/turn               r - +3 ring of evasion
MPRegen 0.13/turn               s - +3 ring of dexterity

@: heroic, slowed, very slow
A: horns 2, retaliatory headbutt
a: Renounce Religion, Heroism, Finesse


You were in the Dungeon.
You worshipped Okawaru.
Okawaru was extremely pleased with you.
You visited 1 branch

Inventory:

Hand Weapons
 a - a +0 long sword
 k - a +2 falchion
 o - a +1 long sword of flaming (weapon)
 u - a +2 scimitar of holy wrath
Armour
 b - a +0 scale mail
 c - a +0 buckler (worn)
 p - a +3 chain mail
 q - the +0 cloak of Sorcery (worn) {Rampage rC- Int+6 SInv}
   (Okawaru gifted it to you in the Dungeon)

   Int:       It affects your intelligence (+6).
   rC:        It makes you vulnerable to cold.
   SInv:      It lets you see invisible.
   Rampage:   It bestows one free step when moving towards enemies.
 v - a +3 plate armour (worn)
 w - a +0 pair of gloves (worn)
 x - the +1 pair of boots of Okawaru's Hope (worn) {rF+ Str+4 Dex-2}
   (Okawaru gifted it to you in the Dungeon)

   Str:       It affects your strength (+4).
   Dex:       It affects your dexterity (-2).
   rF:        It protects you from fire.
Jewellery
 r - a +3 ring of evasion (left hand)
 s - a +3 ring of dexterity (right hand)
Scrolls
 j - a scroll of blinking
 m - 5 scrolls of amnesia
 n - a scroll of summoning
Potions
 d - 3 potions of might
 e - 5 potions of curing
 f - 6 potions of heal wounds
 g - 3 potions of haste
 h - 4 potions of magic
 i - 2 potions of berserk rage
 l - 2 potions of invisibility
 t - a potion of brilliance


   Skills:
 + Level 17.4(22.4) Fighting
 + Level 17.3(22.3) Long Blades
 + Level 17.3(22.3) Armour
 + Level 4.2(9.2) Dodging
 + Level 3.7(8.7) Stealth
 + Level 17.3(22.3) Shields
 + Level 4.8 Invocations


You had 10 spell levels left.
You didn't know any spells.
Your spell library was empty.

Dungeon Overview and Level Annotations

Branches:
Dungeon (1/1)

Altars:
Ashenzari
Cheibriados
Dithmenos
Elyvilon
Fedhas
Gozag
Hepliaklqana
Kikubaaqudgha
Makhleb
Nemelex Xobeh
Okawaru
Qazlal
Ru
Sif Muna
Trog
Uskayaw
Vehumet
Wu Jian
Xom
Yredelemnul
Zin
The Shining One
Beogh
Jiyva
Lugonu


Innate Abilities, Weirdness & Mutations

You have a pair of horns on your head.
You reflexively headbutt those who attack you in melee.


Message History

The death cob hits you but does no damage.
You miss the death cob.
The death cob is lightly damaged.
The death cob hits you. You block the death cob's attack.
You gain the combat prowess of a mighty hero.
You block the death cob's attack. The death cob closely misses you.
You furiously retaliate!
You headbutt the death cob, but do no damage.
The death cob hits you!
You barely miss the death cob.
The death cob is lightly damaged.
The death cob hits you. The death cob drains your vigour!
You feel yourself slow down.
The necrophage hits you but does no damage.
The death cob hits you.
You slash the death cob! You burn the death cob.
The death cob is moderately damaged.
The death cob hits you. The death cob misses you.
The necrophage hits you but does no damage.
You slash the death cob! You burn the death cob.
The death cob is moderately damaged.
The death cob hits you!
* * * LOW HITPOINT WARNING * * *
The death cob drains your vigour!
You feel as though you will be slow longer.
You block the death cob's attack.
The necrophage hits you but does no damage.
The death cob hits you!
* * * LOW HITPOINT WARNING * * *
The death cob drains your vigour!
You feel as though you will be slow longer.
You hit the death cob but do no damage.
The death cob is moderately damaged.
The death cob hits you!
* * * LOW HITPOINT WARNING * * *
The death cob barely misses you. You block the necrophage's attack.
You barely miss the death cob.
The death cob is moderately damaged.
The death cob hits you!
You die...

######## ##########
..'....###...##....##
..###...#...# ......#
..'.##.....####....# #
÷##..##...##..##zn##..##
..##..'...#.....@......#
...#.†#...#....#..#....#
...'.['...'.............
...#..#.††#....#..#....#
..##†.'.†.#............#
)##††##...##..##..##..##
..'.##.....####....# ##
..###...#...# .....#
..'....###...# ..##


You could see a death cob and a necrophage.

Vanquished Creatures
  A stone giant (D)
  A hydra (D)
  A catoblepas (D)
  A boulder beetle (D)
  A death yak (D)
  A spriggan druid (D)
  A flayed ghost (D)
  A fire crab (D)
  An orc knight (D)
  A black mamba (D)
  A naga mage (D)
  A cane toad (D)
  A demonic crawler (D)
  3 kobold demonologists (D)
  A freezing wraith (D)
  A red devil (D)
  An ice devil (D)
  2 trolls (D)
  A tyrant leech (D)
  A polar bear (D)
  A hornet (D)
  4 blink frogs (D)
  5 dream sheep (D)
  A flying skull (D)
  A wraith (D)
  A basilisk (D)
  2 nagas (D)
  A swamp drake (D)
  A water moccasin (D)
  2 floating eyes (D)
  2 orc warriors (D)
  An ice beast (D)
  5 wolves (D)
  A centaur (D)
  4 kobold brigands (D)
  A bullfrog (D)
  Blork the orc (D)
  A gnoll sergeant (D)
  6 killer bees (D)
  2 crimson imps (D)
  A quasit (D)
  An orc wizard (D)
  5 gnolls (D)
  A river rat (D)
  4 orcs (D)
  A ball python (D)
  2 bats (D)
  A bat skeleton (D)
  An endoplasm (D)
  A hobgoblin (D)
  3 jackals (D)
  6 kobolds (D)
  3 quokkas (D)
  A frilled lizard (D)
  A rat (D)
98 creatures vanquished.

Vanquished Creatures (others)
  A kobold demonologist (D)
  3 kobolds (D)
4 creatures vanquished.

Grand Total: 102 creatures vanquished

Notes
Turn   | Place    | Note
-------+----------+-------------------------------------------
     0 | D        | boopmooplesden the Minotaur Fighter began the quest for the
                  | Orb.
     0 | D        | Reached XP level 1. HP: 19/19 MP: 0/0
    38 | D        | Found a glowing golden altar of the Shining One.
    38 | D        | Found a glowing silver altar of Zin.
    38 | D        | Found a basalt altar of Yredelemnul.
    38 | D        | Found a shimmering altar of Xom.
    38 | D        | Found an ornate altar of the Wu Jian Council.
    38 | D        | Found a bloodstained altar of Trog.
    38 | D        | Found a shimmering blue altar of Sif Muna.
    38 | D        | Found a sacrificial altar of Ru.
    38 | D        | Found a stormy altar of Qazlal.
    38 | D        | Found an iron altar of Okawaru.
    38 | D        | Found a sparkling altar of Nemelex Xobeh.
    38 | D        | Found a burning altar of Makhleb.
    38 | D        | Found a viscous altar of Jiyva.
    38 | D        | Found a hazy altar of Hepliaklqana.
    38 | D        | Found an opulent altar of Gozag.
    38 | D        | Found a blossoming altar of Fedhas.
    38 | D        | Found a white marble altar of Elyvilon.
    38 | D        | Found a shadowy altar of Dithmenos.
    38 | D        | Found a snail-covered altar of Cheibriados.
    40 | D        | Found a corrupted altar of Lugonu.
    40 | D        | Found a radiant altar of Vehumet.
    41 | D        | Found an ancient bone altar of Kikubaaqudgha.
    41 | D        | Found a hide-covered altar of Uskayaw.
    41 | D        | Found a broken altar of Ashenzari.
    45 | D        | Became a worshipper of Warmaster Okawaru
    76 | D        | Noticed a floating eye
    78 | D        | Killed a floating eye
    78 | D        | Reached * piety under Okawaru
    78 | D        | Reached ** piety under Okawaru
    79 | D        | Reached XP level 2. HP: 30/31 MP: 1/1
    79 | D        | Reached XP level 3. HP: 37/38 MP: 2/2
    79 | D        | Reached XP level 4. HP: 44/45 MP: 3/3
   172 | D        | Noticed a wolf
   184 | D        | Killed a wolf
   185 | D        | Reached skill level 5 in Long Blades
   185 | D        | Reached XP level 5. HP: 44/53 MP: 4/4
   200 | D        | Reached *** piety under Okawaru
   201 | D        | Reached skill level 1 in Dodging
   201 | D        | Reached XP level 6. HP: 52/62 MP: 5/5
   261 | D        | Noticed a troll
   265 | D        | Killed a troll
   266 | D        | Reached skill level 10 in Fighting
   266 | D        | Reached skill level 10 in Armour
   266 | D        | Reached skill level 10 in Shields
   266 | D        | Reached XP level 7. HP: 66/72 MP: 6/6
   330 | D        | Noticed a tyrant leech
   330 | D        | Noticed a spriggan druid
   337 | D        | Killed a spriggan druid
   337 | D        | Reached **** piety under Okawaru
   338 | D        | Reached skill level 10 in Long Blades
   338 | D        | Reached XP level 8. HP: 82/82 MP: 4/7
   338 | D        | Noticed a death yak
   346 | D        | Killed a tyrant leech
   348 | D        | Noticed Blork the orc
   353 | D        | Killed a death yak
   353 | D        | Reached ***** piety under Okawaru
   353 | D        | Identified the +0 cloak of Sorcery {Rampage rC- Int+6 SInv}
                  | (Okawaru gifted it to you in the Dungeon)
   353 | D        | Received a gift from Okawaru
   354 | D        | Reached XP level 9. HP: 41/91 MP: 5/8
   366 | D        | Killed Blork the orc
   600 | D        | Noticed a catoblepas
   642 | D        | Killed a catoblepas
   887 | D        | Reached skill level 1 in Invocations
   898 | D        | Noticed a demonic crawler
   898 | D        | Noticed a five-headed hydra
   909 | D        | Killed a one-headed hydra
   910 | D        | Reached XP level 10. HP: 72/102 MP: 6/10
  1113 | D        | Reached skill level 15 in Long Blades
  1116 | D        | Reached skill level 15 in Armour
  1186 | D        | Noticed a naga mage
  1189 | D        | Noticed a black mamba
  1200 | D        | Killed a black mamba
  1203 | D        | Killed a naga mage
  1204 | D        | Reached skill level 15 in Shields
  1205 | D        | Reached skill level 15 in Fighting
  1211 | D        | Noticed an orc knight
  1214 | D        | Received a gift from Okawaru
  1219 | D        | Noticed a stone giant
  1220 | D        | Noticed a sixfirhy
  1233 | D        | Killed an orc knight
  1234 | D        | Reached XP level 11. HP: 84/113 MP: 10/12
  1262 | D        | Killed a stone giant
  1263 | D        | Reached skill level 1 in Stealth
  1652 | D        | Noticed a flayed ghost
  1670 | D        | Noticed a fire crab
  1670 | D        | Noticed a boulder beetle
  1714 | D        | Killed a boulder beetle
  1714 | D        | Identified the +1 pair of boots of Okawaru's Hope {rF+
                  | Str+4 Dex-2} (Okawaru gifted it to you in the Dungeon)
  1714 | D        | Received a gift from Okawaru
  1718 | D        | Killed a fire crab
  1726 | D        | Killed a flayed ghost
  1805 | D        | Noticed a death cob
  1812 | D        | HP: 5/117 [death cob (9)]
  1813 | D        | Slain by a death cob

Illustrated notes

Levels and vault maps discovered:
D:        pitsprint [storerooms_1, entrance_room_1, metal_vault_6, armoury_2,
          mini_pit_1, grid_room_1, main_hall_1, silver_pit, the_coven_3,
          the_vestibule_1, steel_vault_2, golden_pit, hallway_of_sentries,
          crystal_vault_4, iron_vault_4, final_vault]

Skill      XL: |  1  2  3  4  5  6  7  8  9 10 11 |
---------------+----------------------------------+-----
Fighting       | 6 8 10 11 12 13 15 17 | 17.4
Armour         | 6 8 10 11 12 14 16 17 | 17.3
Shields        | 7 8 9 10 12 13 14 15 17 | 17.3
Long Blades    | 4 5 6 8 10 11 14 16 17 | 17.3
Dodging        | 1 2 3 4 |  4.2
Invocations    | 1 3 4 |  4.8
Stealth        | 3 |  3.7

Action                   |  1- 3 |  4- 6 |  7- 9 | 10-12 || total
-------------------------+-------+-------+-------+-------++-------
Melee: Falchion          |    11 |    18 |       |       ||    29
       Long sword        |     1 |    27 |    75 |   214 ||   317
       Headbutt          |       |     6 |    17 |    47 ||    70
Invok: Heroism           |       |       |     5 |     9 ||    14
  Use: Potion            |       |       |     2 |     6 ||     8
 Stab: Confused          |       |       |       |     3 ||     3
Armor: Scale mail        |     5 |    12 |       |       ||    17
       Chain mail        |       |    19 |    32 |       ||    51
       Plate armour      |       |       |    18 |   101 ||   119
Dodge: Dodged            |     3 |    29 |    28 |   122 ||   182
Block: Buckler           |     4 |    19 |    17 |    94 ||   134
